 Dungeon Sprint DCSS version 0.17-a0-1-g1f4be75 (webtiles) character file.

150 Medar the Carver (level 5, -2/41 HPs)
             Began as a Formicid Fighter on Mar 12, 2015.
             Killed by nerve-wracking pain
             ... invoked by a deep elf priest
              (9 damage)
             ... in the Dungeon (Sprint III: "The Ten Rune Challenge").
             The game lasted 00:02:46 (583 turns).

Medar the Carver (Formicid Fighter)                  Turns: 583, Time: 00:02:46

Health: -2/41      AC:  6    Str: 21    XL:     5   Next: 58%
Magic:  7/7        EV:  9    Int:  8    God:
Gold:   47         SH: 10    Dex: 10    Spells: 0 memorised, 4 levels left

rFire  . . .     SeeInvis +     a - +0 long sword
rCold  . . .     Clarity  .     b - +0 scale mail
rNeg   . . .     SustAb   .     c - +0 shield
rPois  .         Gourm    .     (helmet unavailable)
rElec  .         Spirit   .     (no cloak)
rCorr  .         Warding  .     (no gloves)
rMut   .         Stasis   +     (no boots)
MR     .....                    (no amulet)
Stlth  ..........               (no ring)
                                (no ring)

@: not resistant to hostile enchantments, extremely unstealthy
A: permanent stasis, dig shafts and tunnels, four strong arms, antennae 3
a: Dig


You were in the Dungeon.
You were not hungry.

You visited 1 branch You collected 47 gold pieces.

Inventory:

Hand weapons
 a - a +0 long sword (weapon)
 h - a +3 hand axe
Armour
 b - a +0 scale mail (worn)
 c - a +0 shield (worn)
Scrolls
 l - a scroll of random uselessness {unknown}
Potions
 i - 2 potions of magic
 n - 4 potions of cure mutation {!q}
Books
 e - a book of the Sky

   Spells                             Type                      Level
   a - Flight                         Charms/Air                   3
   b - Airstrike                      Air                          4
   c - Silence                        Hexes/Air                    5
   d - Deflect Missiles               Charms/Air                   6
   e - Conjure Ball Lightning         Conjuration/Air              6
   f - Tornado                        Air                          9
Comestibles
 d - a bread ration
 m - 2 royal jellies


   Skills:
 - Level 3.2 Fighting
 * Level 9.3 Long Blades
 - Level 3.2 Armour
 + Level 6.8 Shields


You had 4 spell levels left.
You didn't know any spells.

Dungeon Overview and Level Annotations

Branches:
Dungeon (1/1)

Altars:
Elyvilon
Kikubaaqudgha
Sif Muna
Vehumet
Zin
The Shining One


Innate Abilities, Weirdness & Mutations

You are under a permanent stasis effect.
You can dig through walls and to a lower floor.
Your four strong arms can wield two-handed weapons with a shield.
You have a pair of large antennae on your head (SInv).


Message History

The deep elf priest is heavily wounded.
You barely miss the deep elf priest.
The deep elf priest is heavily wounded.
The deep elf priest hits you with a long sword of holy wrath!
You miss the deep elf priest.
The deep elf priest is heavily wounded.
The deep elf priest mumbles some strange prayers to its god against you.
Something smites you!
You are too injured to fight recklessly!
You are too injured to fight recklessly!
You barely miss the deep elf priest.
The deep elf priest is heavily wounded.
The deep elf priest invokes the aid of its god against you.
Something smites you!
* * * LOW HITPOINT WARNING * * *
You slash the deep elf priest!
The deep elf priest is severely wounded.
The deep elf priest invokes the aid of its god against you.
Pain shoots through your body!
You die...

▓▓▓▓▓▓▓▓ ▓▓▓ .'!..♣.♣
♣.##### .#....♣♣♣
♣♣.#___# { ##....♣.♣
♣..#!e.# { {
.#....≈.♣♣♣..###@#+###+#
.#...≈≈...♣♣.#..........#
.#..≈≈≈≈♣.♣♣.'.⌠........#
'#..≈≈≈≈≈≈♣♣.#...######+#
.#.≈≈≈≈≈≈....#.⌠.# {
.#.≈≈≈≈≈.....#...#
.#.≈≈≈.......#'###
##...........#)).#
†............#___#


You could see a deep elf priest.

Vanquished Creatures
  A blue devil (D)
  A hellwing (D)
  A water elemental (D)
  A crimson imp (D)
  A wolf (D)
  A wizard (D)
  A human (D)
  Jessica (D)
  A kobold demonologist (D)
  An ooze (D)
  2 rats (D)
12 creatures vanquished.

Vanquished Creatures (others)
  2 draconian scorchers (D)
  A yaktaur (D)
  4 plants (D)
7 creatures vanquished.

Grand Total: 19 creatures vanquished

Notes
Turn   | Place    | Note
--------------------------------------------------------------
     0 | D        | Medar, the Formicid Fighter, began the quest for the Orb.
     0 | D        | Reached XP level 1. HP: 18/18 MP: 1/1
    23 | D        | Noticed Jessica
    28 | D        | Killed Jessica
    28 | D        | Reached skill level 5 in Long Blades
    28 | D        | Reached XP level 2. HP: 22/24 MP: 3/3
    28 | D        | Reached XP level 3. HP: 26/29 MP: 4/4
    68 | D        | Noticed a wolf
    92 | D        | Reached skill level 6 in Long Blades
   100 | D        | Killed a wolf
   100 | D        | Reached skill level 7 in Long Blades
   100 | D        | Reached XP level 4. HP: 35/35 MP: 5/5
   110 | D        | Noticed a water elemental
   113 | D        | Killed a water elemental
   113 | D        | Reached skill level 8 in Long Blades
   113 | D        | Reached skill level 5 in Shields
   113 | D        | Reached XP level 5. HP: 26/41 MP: 7/7
   248 | D        | Killed a yaktaur
   258 | D        | Found a radiant altar of Vehumet.
   260 | D        | Found a deep blue altar of Sif Muna.
   260 | D        | Found an ancient bone altar of Kikubaaqudgha.
   260 | D        | Noticed a wizard
   266 | D        | Noticed a blue devil
   267 | D        | Killed a wizard
   267 | D        | Reached skill level 9 in Long Blades
   268 | D        | Noticed a hellwing
   270 | D        | HP: 3/61 [blue devil[a kobold demonologist] (5)]
   272 | D        | Killed a blue devil
   272 | D        | Killed a hellwing
   334 | D        | Killed a white draconian scorcher
   375 | D        | Killed a white draconian scorcher
   568 | D        | Found a glowing silver altar of Zin.
   570 | D        | Found a glowing golden altar of the Shining One.
   570 | D        | Found a white marble altar of Elyvilon.
   570 | D        | Noticed a deep elf priest
   583 | D        | Killed from afar by a deep elf priest

Action                   |  1- 3 |  4- 6 || total
-------------------------+-------+-------++-------
Melee: Long sword        |    27 |    26 ||    53
  Use: Potion            |     2 |     2 ||     4
       Scroll            |       |     5 ||     5
